 Dungeon Crawl Stone Soup version 0.23.2-33-g5129a83184 (webtiles) character file.

Game seed: 3614323463513099926

473 psyvane the Grave Robber (level 6, -1/41 HPs)
             Began as a Demonspawn Necromancer on July 14, 2019.
             Slain by Duvessa
             ... wielding a +0 short sword
              (12 damage)
             ... on level 5 of the Dungeon.
             The game lasted 00:13:31 (3765 turns).

psyvane the Grave Robber (Demonspawn Necromancer)   Turns: 3765, Time: 00:13:32

Health: -1/41      AC:  3    Str:  9    XL:     6   Next: 83%
Magic:  7/9        EV: 12    Int: 17    God:
Gold:   204        SH:  0    Dex: 14    Spells: 4/9 levels left

rFire    . . .     SeeInvis .   (no weapon)
rCold    + . .     Gourm    .   (no shield)
rNeg     . . .     Faith    .   a - +0 robe
rPois    .         Spirit   .   (helmet restricted)
rElec    .         Reflect  .   (no cloak)
rCorr    .         Harm     .   (no gloves)
MR       .....                  r - +0 pair of boots
Stlth    +++.......             (no amulet)
HPRegen  0.13/turn              n - ring of protection from cold
MPRegen  0.11/turn              (no ring)

@: about to teleport
A: claws 2, horns 1, camouflage 1, spiny 1
a: no special abilities


You were on level 5 of the Dungeon.
You were not hungry.

You visited 1 branch of the dungeon, and saw 5 of its levels.

You collected 204 gold pieces.

Inventory:

Armour
 a - a +0 robe (worn)
 h - a +0 buckler
 i - a +0 helmet
 r - a +0 pair of boots (worn)
 v - a +0 buckler of protection
Jewellery
 n - a ring of protection from cold (left claw)
Scrolls
 d - a scroll of immolation {unknown}
 m - a scroll of amnesia {unknown}
 o - a scroll of fear {unknown}
 p - 4 scrolls of identify
 s - a scroll of remove curse {unknown}
 t - 2 scrolls of teleportation
 u - a scroll of random uselessness {unknown}
Potions
 b - a potion of heal wounds {unknown}
 e - 3 potions of curing {unknown}
 f - 3 potions of degeneration {unknown}
 g - 2 potions of resistance {unknown}
 j - a potion of flight {unknown}
 k - a potion of agility {unknown}
 l - 2 potions of invisibility {unknown}
 q - 3 potions of lignification {unknown}
Comestibles
 c - 5 rations
 w - 6 chunks of flesh


   Skills:
 - Level 1.7 Dodging
 - Level 1.7 Stealth
 * Level 3.9 Shields
 - Level 2.0 Spellcasting
 - Level 7.5 Necromancy


You had 4 spell levels left.
You knew the following spells:

 Your Spells              Type           Power        Failure   Level  Hunger
a - Pain                  Necr           ####         1%          1    #......
b - Animate Skeleton      Necr           N/A          1%          1    #......
c - Regeneration          Chrm/Necr      ##........   12%         3    ###....

Your spell library contained the following spells:

 Spells                   Type           Power        Failure   Level  Hunger
 Vampiric Draining        Necr           ####......   2%          3    ###....
 Animate Dead             Necr           N/A          9%          4    #####..
 Magic Dart               Conj           #...         19%         1    #......
 Searing Ray              Conj           #.....       28%         2    ###....
 Dazzling Spray           Conj/Hex       #.....       50%         3    ###....
 Force Lance              Conj/Tloc      #.......     88%         4    #####..
 Fulminant Prism          Conj/Hex       #.........   88%         4    #####..
 Iskenderun's Mystic Bla  Conj           #.......     88%         4    #####..


Dungeon Overview and Level Annotations

Branches:
Dungeon (5/15)
 Temple: D:4-7

Altars:

Annotations:
D:5 Duvessa


Innate Abilities, Weirdness & Mutations

You have very sharp fingernails.
You are partially covered in sharp spines.
You have a pair of small horns on your head.
Your skin changes colour to match your surroundings (Stealth+).


Message History

Duvessa misses you.
Your adder skeleton bites Duvessa but does no damage.
Duvessa closely misses you. Duvessa is struck by your spines.
Duvessa closely misses you. Duvessa hits you with a +0 short sword.
Sorry, you're not good enough to have a special ability.
Okay, then.
Okay, then.
Your adder skeleton completely misses Duvessa.
Duvessa hits you but does no damage. Duvessa hits you with a +0 short sword!
There is an open door here.
Okay, then.
Duvessa hits you with a +0 short sword!
* * * LOW HITPOINT WARNING * * *
As you read the scroll of teleportation, it crumbles to dust.
You feel strangely unstable. Duvessa closely misses you.
Your adder skeleton closely misses Duvessa.
Duvessa is struck by your spines. Duvessa hits you with a +0 short sword!
You die...

#...#..# #...#..#
#...#..#
.######...#..#
..........#..#
.######'###..#
........Z..).#
.....^...e...# #######
..........@..###.....#
..............##.###.#
############.>.....#.#
#####.#.#.#
......#.#.#
####......#
........### ####.###<#
... #.####


You could see Duvessa (berserk) and a friendly adder skeleton.

Vanquished Creatures
  Sigmund (D:2)
  Blork the orc (D:5)
  A scorpion (D:4)
  Dowan (D:5)
  A hound (D:4)
  An orc wizard (D:3)
  3 adders
  2 dart slugs
  2 leopard geckos
  4 orcs
  A ball python (D:2)
  8 bats
  7 giant cockroaches
  4 goblins
  4 hobgoblins
  A quokka (D:2)
  4 frilled lizards
  8 kobolds
  9 rats
63 creatures vanquished.

Vanquished Creatures (collateral kills)
  A bullfrog skeleton (D:5)
  A rat (D:2)
2 creatures vanquished.

Grand Total: 65 creatures vanquished

Notes
Turn   | Place    | Note
-------+----------+-------------------------------------------
     0 | D:1      | psyvane the Demonspawn Necromancer began the quest for the
                  | Orb.
     0 | D:1      | Reached XP level 1. HP: 13/13 MP: 3/3
     5 | D:1      | Learned a level 1 spell: Animate Skeleton
   788 | D:1      | Gained mutation: You have sharp fingernails. [demonic
                  | ancestry]
   788 | D:1      | Reached XP level 2. HP: 16/19 MP: 0/5
  1395 | D:2      | Reached skill level 5 in Necromancy
  1584 | D:2      | Gained mutation: You tend to lose your temper in combat.
                  | [potion of mutation]
  1584 | D:2      | Gained mutation: You do not regenerate when monsters are
                  | visible. [potion of mutation]
  1584 | D:2      | Gained mutation: You passively map a small area around you.
                  | [potion of mutation]
  1585 | D:2      | Lost mutation: You tend to lose your temper in combat.
                  | [potion of mutation]
  1585 | D:2      | Lost mutation: You passively map a small area around you.
                  | [potion of mutation]
  1585 | D:2      | Lost mutation: You do not regenerate when monsters are
                  | visible. [potion of mutation]
  1585 | D:2      | Gained mutation: Your skin changes colour to match your
                  | surroundings (Stealth+). [potion of mutation]
  1585 | D:2      | Gained mutation: Your magical capacity is low. (-10% MP)
                  | [potion of mutation]
  1585 | D:2      | Gained mutation: You are weak. (Str -2) [potion of
                  | mutation]
  1585 | D:2      | Gained mutation: You are resistant to hostile enchantments.
                  | (MR+) [potion of mutation]
  1586 | D:2      | Lost mutation: Your magical capacity is low. (-10% MP)
                  | [potion of mutation]
  1586 | D:2      | Lost mutation: You are weak. (Str -2) [potion of mutation]
  1586 | D:2      | Lost mutation: You are resistant to hostile enchantments.
                  | (MR+) [potion of mutation]
  1586 | D:2      | Gained mutation: You tend to lose your temper in combat.
                  | [potion of mutation]
  1586 | D:2      | Gained mutation: You are covered in fur. (AC +1) [potion of
                  | mutation]
  1586 | D:2      | Gained mutation: You do not regenerate when monsters are
                  | visible. [potion of mutation]
  1586 | D:2      | Gained mutation: You passively map a small area around you.
                  | [potion of mutation]
  1723 | D:2      | Lost mutation: You tend to lose your temper in combat.
                  | [potion of mutation]
  1723 | D:2      | Lost mutation: You are covered in fur. (AC +1) [potion of
                  | mutation]
  1723 | D:2      | Lost mutation: You do not regenerate when monsters are
                  | visible. [potion of mutation]
  1723 | D:2      | Lost mutation: You passively map a small area around you.
                  | [potion of mutation]
  1723 | D:2      | Gained mutation: You have a pair of small horns on your
                  | head. [potion of mutation]
  1758 | D:2      | Reached XP level 3. HP: 19/24 MP: 0/6
  2158 | D:2      | Noticed Sigmund
  2168 | D:2      | Killed Sigmund
  2168 | D:2      | Reached skill level 7 in Necromancy
  2168 | D:2      | Gained mutation: You are partially covered in sharp spines.
                  | [demonic ancestry]
  2168 | D:2      | Reached XP level 4. HP: 24/30 MP: 0/7
  2168 | D:2      | Reached XP level 5. HP: 28/35 MP: 0/8
  2957 | D:3      | Learned a level 3 spell: Regeneration
  3112 | D:3      | Reached skill level 1 in Shields
  3481 | D:4      | Gained mutation: You have very sharp fingernails. [demonic
                  | ancestry]
  3481 | D:4      | Reached XP level 6. HP: 39/41 MP: 5/9
  3510 | D:4      | Noticed a slave
  3539 | D:5      | Entered Level 5 of the Dungeon
  3620 | D:5      | Noticed Blork the orc
  3635 | D:5      | Killed Blork the orc
  3735 | D:5      | Noticed Dowan
  3745 | D:5      | Noticed Duvessa
  3750 | D:5      | Killed Dowan
  3765 | D:5      | Slain by Duvessa

Skill      XL: |  1  2  3  4  5  6 |
---------------+-------------------+-----
Necromancy     | 5 7 |  7.5
Shields        | 2 3 |  3.9
Dodging        | |  1.7
Stealth        | |  1.7
Spellcasting   | |  2.0

Action                   |  1- 3 |  4- 6 || total
-------------------------+-------+-------++-------
Melee: Club              |     5 |       ||     5
       Unarmed           |    26 |     6 ||    32
       Headbutt          |       |     2 ||     2
 Cast: Pain              |    52 |    65 ||   117
       Animate Skeleton  |     8 |    11 ||    19
  Use: Potion            |     4 |       ||     4
       Scroll            |     3 |     1 ||     4
 Stab: Sleeping          |     1 |     1 ||     2
  Eat: Chunk             |     2 |     5 ||     7
       Ration            |     1 |       ||     1
Armor: Robe              |    25 |     3 ||    28
Dodge: Dodged            |    45 |    13 ||    58
